 Dungeon Crawl Stone Soup version 0.24.0-2-g5b39cebb1c (webtiles) character file.

Game seed: 15295076259792180920, levelgen mode: deterministic

324 Inarius the Chopper (level 6, 47/47 HPs)
             Began as a Demonspawn Monk on Oct 30, 2019.
             Got out of the dungeon alive.
             The game lasted 00:07:16 (4716 turns).

Inarius the Chopper (Demonspawn Monk)               Turns: 4716, Time: 00:07:17

Health: 47/47      AC: 10    Str: 13    XL:     6   Next: 23%
Magic:  6/6        EV:  4    Int: 12    God:
Gold:   117        SH:  0    Dex: 15    Spells: 5/5 levels left

rFire    . . .     SeeInvis .   a - +0 hand axe
rCold    . . .     Gourm    .   (no shield)
rNeg     . . .     Faith    .   n - +0 plate armour
rPois    .         Spirit   +   (no helmet)
rElec    .         Reflect  .   (no cloak)
rCorr    .         Harm     .   (no gloves)
MR       .....                  (no boots)
Stlth    ..........             (no amulet)
HPRegen  0.15/turn              (no ring)
MPRegen  0.20/turn              (no ring)

@: no status effects
A: claws 1, hooves 1, magic shield, magic regeneration
a: no special abilities


You escaped.
You were hungry.

You visited 1 branch of the dungeon, and saw 4 of its levels.

You collected 117 gold pieces.

Inventory:

Hand Weapons
 a - a +0 hand axe (weapon)
Armour
 h - a cursed +0 ring mail
 n - a +0 plate armour (worn)
Jewellery
 q - an uncursed ring of resist corrosion
Wands
 p - a wand of acid (10)
Scrolls
 d - a scroll of fog {unknown}
 e - a scroll of teleportation
 f - 3 scrolls of remove curse
 i - a scroll of identify {unknown}
 l - a scroll of fear {unknown}
 m - a scroll of enchant armour {unknown}
 o - a scroll of magic mapping {unknown}
Potions
 b - 2 potions of degeneration {unknown}
 g - a potion of might
 j - 3 potions of heal wounds {unknown}
 k - a potion of agility {unknown}
Comestibles
 c - 3 rations


   Skills:
 + Level 3.6 Fighting
 - Level 5.1 Axes
 + Level 2.1 Armour
 + Level 3.1 Dodging
 - Level 1.7 Stealth
 * Level 0.4 Unarmed Combat
 * Level 0.8 Evocations


You had 5 spell levels left.
You didn't know any spells.
Your spell library was empty.

Dungeon Overview and Level Annotations

Branches:
Dungeon (4/15)
 Temple: D:4-7

Altars:
Kikubaaqudgha
Qazlal
Trog
Uskayaw
Vehumet
Yredelemnul
The Shining One


Innate Abilities, Weirdness & Mutations

You have sharp fingernails.
You have large cloven feet.
When hurt, damage is shared between your health and your magic reserves.
You regenerate magic rapidly.


Message History

What level of the Dungeon? (default 1, ? - help) All of the chunks of flesh in your inventory have rotted away.
There is a stone staircase leading up here.
You climb upwards.
There is a stone staircase leading down here.
You are feeling hungry.
Unknown command.
(D) Dungeon
Where to? (Enter - D:1, ? - help)
What level of the Dungeon? (default 1, ? - help)
There is a stone staircase leading up here.
You climb upwards.
There is a stone staircase leading down here.
There is a stone staircase leading up, spattered with blood here.
You climb upwards.
There is a stone staircase leading down here.
There is an escape hatch in the floor here.
There is a staircase leading out of the dungeon here.
Are you sure you want to leave the Dungeon?
This will make you lose the game!
You have escaped!

.....................>#.....# #
#####...###....#####........#####
##..###.....# #..####.......
#.†..#####.# #.............
#†#÷.......# ##............
##.#........# #......######
#.[........## #......#
#####..........### #......#
#..............#@# ##..##.#
#..............#.# ##.##.#
#..............#.# #....#
#........#######.# ##.###
#........#######.#######.#
#........#.............#.#
########.#######.#######.###
#....####.# #....######
##.....##.# #.##.##....


There were no monsters in sight!

Vanquished Creatures
  A scorpion (D:4)
  2 orc wizards (D:3)
  A worker ant (D:4)
  A killer bee zombie (D:3)
  A hound skeleton (D:4)
  5 adders
  3 oozes
  An adder skeleton (D:4)
  6 worms
  5 leopard geckos
  5 orcs (D:3)
  A ball python (D:2)
  11 bats
  5 giant cockroaches
  2 gnoll zombies (D:2)
  3 goblins
  6 hobgoblins
  6 jackals (D:2)
  10 frilled lizards
  5 kobolds
  8 rats
88 creatures vanquished.

Notes
Turn   | Place    | Note
-------+----------+-------------------------------------------
     0 | D:1      | Inarius the Demonspawn Monk began the quest for the Orb.
     0 | D:1      | Reached XP level 1. HP: 18/18 MP: 1/1
   241 | D:1      | Reached skill level 3 in Axes
   285 | D:1      | Gained mutation: When hurt, damage is shared between your
                  | health and your magic reserves. [demonic ancestry]
   285 | D:1      | Reached XP level 2. HP: 19/24 MP: 2/2
   791 | D:2      | Gained mutation: You regenerate magic rapidly. [demonic
                  | ancestry]
   791 | D:2      | Reached XP level 3. HP: 23/29 MP: 1/3
  1634 | D:2      | You fall into a shaft and drop 1 floor!
  2030 | D:2      | Gained mutation: You have large cloven feet. [demonic
                  | ancestry]
  2030 | D:2      | Reached XP level 4. HP: 26/35 MP: 4/4
  2356 | D:2      | Reached skill level 4 in Axes
  2761 | D:2      | Reached skill level 1 in Armour
  2769 | D:2      | Found a basalt altar of Yredelemnul.
  3206 | D:3      | Reached XP level 5. HP: 14/41 MP: 3/5
  3466 | D:3      | Noticed a +0 hand axe
  3467 | D:3      | Noticed a +0 dagger
  3525 | D:3      | Found a bloodstained altar of Trog.
  3579 | D:3      | Found a glowing golden altar of the Shining One.
  3906 | D:3      | Found an ancient bone altar of Kikubaaqudgha.
  3917 | D:3      | Reached skill level 5 in Axes
  4015 | D:3      | Found a hide-covered altar of Uskayaw.
  4049 | D:3      | Found a radiant altar of Vehumet.
  4353 | D:4      | Found a stormy altar of Qazlal.
  4463 | D:4      | Gained mutation: You have sharp fingernails. [demonic
                  | ancestry]
  4463 | D:4      | Reached XP level 6. HP: 41/47 MP: 6/6
  4716 | D:$      | Got out of the dungeon alive.

Levels and vault maps discovered:
D:1:      lemuel_arrival_cross, layout_basic, minmay_misc_feat_enclosed,
          minmay_quantized
D:2:      layout_basic, lemuel_zombie_altar_yredelemnul, first_ration,
          minmay_increasing_density
D:3:      layout_loops_ring, tso_metal_star, kiku_gazebo_garden_becter,
          dancing_weapons_uskayaw, vehumet_crystals, lemuel_doored_altar,
          st_stairs_9
D:4:      layout_basic, nicolae_qazlal_general_emergency,
          minmay_temple_entry_grid

Skill      XL: |  1  2  3  4  5  6 |
---------------+-------------------+-----
Axes           | 3 4 5 |  5.1
Dodging        | 3 |  3.1
Armour         | 1 2 |  2.1
Fighting       | |  3.6
Stealth        | |  1.7
Unarmed Combat | |  0.4
Evocations     | |  0.8

Action                   |  1- 3 |  4- 6 || total
-------------------------+-------+-------++-------
Melee: Hand axe          |   185 |   234 ||   419
       Kick              |       |    80 ||    80
  Use: Potion            |       |     1 ||     1
       Scroll            |       |     2 ||     2
  Eat: Chunk             |     4 |     8 ||    12
Armor: Chain mail        |   153 |    22 ||   175
       Robe              |     7 |       ||     7
       Plate armour      |       |   122 ||   122
Dodge: Dodged            |    77 |    55 ||   132
